 Dungeon Crawl Stone Soup version 0.28-a0-1235-g7c8fac35f0 (webtiles) character file.

Game seed: 5787338424344238427

42 Lavandula the Ruffian (level 3, -2/26 HPs)
             Began as a Formicid Transmuter on Dec 25, 2021.
             Slain by an adder (3 damage)
             ... on level 2 of the Dungeon.
             The game lasted 00:02:08 (2026 turns).

Lavandula the Ruffian (Formicid Transmuter)         Turns: 2026, Time: 00:02:08

Health: -2/26      AC:  2    Str: 16    XL:     3   Next: 77%
Magic:  0/6        EV: 12    Int: 12    God:
Gold:   68         SH:  0    Dex: 11    Spells: 0/6 levels left

rFire   . . .      SeeInvis +     - Unarmed
rCold   . . .      Faith    .   (no shield)
rNeg    . . .      Spirit   .   a - +0 robe
rPois   .          Reflect  .   (helmet unavailable)
rElec   .          Harm     .   (no cloak)
rCorr   +          Rampage  .   (no gloves)
Will    .....                   (boots currently unavailable)
Stlth   +.........              (no amulet)
HPRegen 0.08/turn               j - ring of resist corrosion
MPRegen 0.10/turn               (no ring)

@: mighty, brilliant, lethally poisoned (-2 -> -8), appendages, attractive, very
slightly contaminated
A: talons 2, permanent stasis, dig shafts and tunnels, antennae 3, four strong
arms
a: Dig, Shaft Self, End Transformation


You were on level 2 of the Dungeon.
You had temporarily grown beastly talons.
You visited 1 branch of the dungeon, and saw 2 of its levels.

You collected 68 gold pieces.

Inventory:

Armour
 a - a +0 robe (worn)
Jewellery
 j - a ring of resist corrosion (left hand)
Scrolls
 c - a scroll of immolation {unknown}
 d - a scroll of magic mapping {unknown}
 e - a scroll of acquirement {unknown}
 i - a scroll of identify {unknown}
Potions
 h - a potion of lignification {unknown}


   Skills:
 - Level 1.1 Fighting
 - Level 1.7 Dodging
 - Level 4.3 Unarmed Combat
 - Level 2.1 Spellcasting
 - Level 2.1 Transmutations
 + Level 1.1 Poison Magic


You couldn't memorise any spells.
You knew the following spells:

 Your Spells              Type           Power      Damage    Failure   Level
a - Beastly Appendage     Tmut           18%        N/A       11%         1
b - Wereblood             Tmut           9%         N/A       17%         2
c - Spider Form           Tmut/Pois      8%         N/A       38%         3

Your spell library contained the following spells:

 Spells                   Type           Power      Damage    Failure   Level
 Ice Form                 Ice/Tmut       5%         N/A       86%         4
 Freezing Cloud           Conj/Ice/Air   0%         6-21      100%        5
 Simulacrum               Ice/Necr       0%         N/A       100%        6
 Polar Vortex             Ice            0%         N/A       100%        9


Dungeon Overview and Level Annotations

Branches:
Dungeon (2/15)

Altars:


Innate Abilities, Weirdness & Mutations

You have temporarily grown beastly talons.
You cannot be hasted, slowed, berserked, paralysed or teleported.
You can dig through walls and to a lower floor.
You have a pair of large antennae on your head. (SInv)
Your four strong arms can wield two-handed weapons with a shield.


Message History

Confirm with . or Enter, or press ? or * to list all spells.
The spell is extremely dangerous to miscast (38% risk of failure)!
Continue anyway?
You miscast Spider Form.
Nothing appears to happen.
The adder barely misses you.
You barely miss the adder. The adder completely misses you.
Unknown command.
The adder bites you. The adder bites you.
You are poisoned.
The adder poisons you!
You feel sick.
Casting: Spider Form (extremely dangerous; 38% risk of failure)
Confirm with . or Enter, or press ? or * to list all spells.
Your feet morph into talons.
You feel sick. The adder misses you.
Unknown command.
You barely miss the adder.
You feel sick. The adder bites you.
You are more poisoned.
The adder poisons you! The adder bites you.
You are too injured to fight recklessly!
You closely miss the adder. Your kick misses the adder.
You feel sick. The adder bites you.
You are lethally poisoned!
The adder poisons you!
Are you sure you want to shaft yourself?
Okay, then.
It was a potion of attraction.
You feel attractive to monsters.
You feel very sick. The adder bites you.
* * * LOW HITPOINT WARNING * * *
It was a potion of might.
You feel very mighty all of a sudden.
* * * LOW HITPOINT WARNING * * *
You feel sick. The adder barely misses you.
Unknown command.
It was a potion of brilliance.
You feel clever all of a sudden.
* * * LOW HITPOINT WARNING * * *
You feel sick. The adder bites you.
You die...

.....# ###...#.##.#.#
####.# ........##.#.###
.#..<# #.##.#.#.# .#.#.#
#.##.#.#.# .#.#.#
#.##<#.#.# .#.#.#
#.##....># .#.#.#
#.##.#.#.# .#.#.#
#.##.#.#.##
...#.#########.S@......#
...#.............)#.####
...################.#
......)...# #.#
#########.# #.# ..# #.#
#.# #.# #.# #.# #.# #.#
#.# #.# #.# #.#


You could see an adder.

Vanquished Creatures
  2 dart slugs
  3 orcs (D:2)
  5 bats
  2 endoplasms (D:1)
  A giant cockroach (D:1)
  6 goblins
  2 hobgoblins (D:1)
  A quokka (D:1)
  3 ball pythons (D:1)
  3 frilled lizards
  A kobold (D:1)
  4 rats
33 creatures vanquished.

Notes
Turn   | Place    | Note
-------+----------+-------------------------------------------
     0 | D:1      | Lavandula the Formicid Transmuter began the quest for the
                  | Orb.
     0 | D:1      | Reached XP level 1. HP: 15/15 MP: 3/3
   176 | D:1      | Reached XP level 2. HP: 15/21 MP: 3/5
   179 | D:1      | Learned a level 2 spell: Wereblood
  1089 | D:1      | Reached skill level 4 in Unarmed Combat
  1089 | D:1      | Reached XP level 3. HP: 26/26 MP: 4/6
  1093 | D:1      | Learned a level 3 spell: Spider Form
  1924 | D:2      | Reached skill level 1 in Poison Magic
  2026 | D:2      | HP: 1/26 [poisoned by an adder]
  2026 | D:2      | Slain by an adder

Illustrated notes

Levels and vault maps discovered:
D:1:      dpeg_arrival_pond, layout_loops_corners
D:2:      layout_basic, hellmonk_ecumenical_altar_arch_garden,
          kennysheep_generic_room_8

Skill      XL: |  1  2  3 |
---------------+----------+-----
Unarmed Combat | 4 |  4.3
Poison Magic   | 1 |  1.1
Fighting       | |  1.1
Dodging        | |  1.7
Spellcasting   | |  2.1
Transmutations | |  2.1

Action                   || total
-------------------------++-------
Melee: Unarmed           ||    84
       Kick              ||    17
 Cast: Beastly Appendage ||    24
       Wereblood         ||     1
  Use: Potion            ||     3
 Stab: Sleeping          ||     1
Armor: Robe              ||    21
Dodge: Dodged            ||    51

Table legend: (Time is in decaauts)
 A = Elapsed time spent in this place.
 B = Non-inter-level travel time spent in this place.
 C = Inter-level travel time spent in this place.
 D = Time resting spent in this place.
 E = Time spent auto-exploring this place.
 F = Levels seen in this place.
 G = Mean time per level.
                   A        B        C        D        E       F      G
               +--------+--------+--------+--------+--------+-----+--------+
         Total |   2019 |   1997 |     22 |      0 |   1755 |   2 | 1009.5 |
       Dungeon |   2019 |   1997 |     22 |      0 |   1755 |   2 | 1009.5 |
               +--------+--------+--------+--------+--------+-----+--------+

Top non-repeatable levels by time:
     D:1: 1486 daAuts
     D:2: 533 daAuts
